 Dungeon Crawl Stone Soup version 0.21.0-3-g78d12a8 (webtiles) character file.

33693 theanonym the Fighter (level 13, -2/113 HPs)
             Began as a Mummy Wanderer on Jan 9, 2018.
             Was an Initiate of Gozag.
             Killed from afar by a rime drake (9 damage)
             ... with a flash freeze
             ... on level 5 of the Lair of Beasts.
             The game lasted 00:54:46 (24307 turns).

theanonym the Fighter (Mummy Wanderer)             Turns: 24307, Time: 00:54:46

Health: -2/113     AC: 16    Str: 19    XL:     13   Next: 38%
Magic:  19/19      EV:  7    Int: 11    God:    Gozag
Gold:   2205       SH:  0    Dex: 15    Spells: 20/20 levels left

rFire    x . .     SeeInvis +   b - +5 war axe of Extremism {vamp, Dex+2 SInv Stlth-}
rCold    + + .     Gourm    .   (no shield)
rNeg     + + +     Faith    .   h - +0 plate armour {18}
rPois    ∞         Spirit   .   k - +1 helmet
rElec    .         Reflect  .   (no cloak)
rCorr    .         Harm     .   x - +0 pair of gloves
MR       +....                  G - +0 pair of boots
Stlth    ..........             e - amulet of magic regeneration
HPRegen  0.28/turn              g - ring of protection from cold {rC+}
MPRegen  0.41/turn              D - +2 ring of evasion

@: no status effects
A: no food or potions, fire vulnerability, cold resistance 1, negative energy
resistance 3, torment resistance, unbreathing, in touch with death 1
a: Potion Petition, Call Merchant, Bribe Branch, Renounce Religion


Innate Abilities, Weirdness & Mutations

You do not eat or drink.
Your flesh is vulnerable to fire.
You are immune to poison.
Your flesh is cold resistant. (rC+)
You are immune to negative energy. (rN+++)
You are immune to unholy pain and torment.
You can survive without breathing.
You are in touch with the powers of death.


   Skills:
 + Level 14.0 Fighting
 - Level 7.1 Short Blades
 * Level 12.5 Axes
 - Level 1.0 Throwing
 + Level 4.6 Armour
 - Level 1.5 Stealth
 - Level 4.0 Spellcasting
   Level 1.0 Conjurations
   Level 1.0 Translocations


You had 20 spell levels left.
You didn't know any spells.

Skill      XL: |  1  2  3  4  5  6  7  8  9 10 11 12 13 |
---------------+----------------------------------------+-----
Fighting       | 2 3 4 5 6 7 8 9 11 12 13 14 | 14.0
Axes           | 1 3 5 7 10 11 12 | 12.5
Short Blades   | 3 6 7 |  7.1
Armour         | 3 4 |  4.6
Throwing       | |  1.0
Stealth        | |  1.5
Spellcasting   | |  4.0
Conjurations   | |  1.0
Translocations | |  1.0

Action                   |  1- 3 |  4- 6 |  7- 9 | 10-12 | 13-15 || total
-------------------------+-------+-------+-------+-------+-------++-------
Melee: Dagger            |    93 |   126 |       |       |       ||   219
       Whip              |    60 |     6 |       |       |       ||    66
       Mace              |       |    57 |       |       |       ||    57
       Flail             |       |   134 |    59 |       |       ||   193
       Short sword       |       |       |   451 |   223 |    13 ||   687
       War axe           |       |       |    31 |   784 |   162 ||   977
Throw: Throwing net      |       |       |     1 |       |       ||     1
       Javelin           |       |       |       |    10 |     4 ||    14
Invok: Potion Petition   |       |       |     1 |     4 |       ||     5
Evoke: Wand              |       |     5 |     6 |    45 |     3 ||    59
  Use: Scroll            |       |     5 |     2 |     9 |     6 ||    22
 Stab: Sleeping          |     1 |       |       |       |       ||     1
       Distracted        |       |       |     2 |       |       ||     2
       Held in net/web   |       |       |     1 |       |       ||     1
       Invisible         |       |       |       |     5 |       ||     5
Armor: Ring mail         |    66 |    37 |       |       |       ||   103
       Chain mail        |       |    44 |   268 |       |       ||   312
       Scale mail        |       |    80 |       |       |       ||    80
       Plate armour      |       |       |    20 |   617 |   121 ||   758
Dodge: Dodged            |    73 |   178 |   124 |   314 |    59 ||   748

Inventory:

Hand Weapons
 a - a +2 short sword of electrocution
   (You took it off an orc on level 4 of the Dungeon)
 b - the +5 war axe of Extremism (weapon) {vamp, Dex+2 SInv Stlth-}
   (You took it off a crimson imp on level 7 of the Dungeon)

   It inflicts no extra harm, but heals its wielder when it wounds a living foe.
   It affects your dexterity (+2).
   It lets you see invisible.
   It makes you less stealthy.
Missiles
 n - 3 javelins of penetration (quivered)
Armour
 h - a +0 plate armour (worn) {18}
   (You took it off an orc warrior on level 6 of the Dungeon)
 k - a +1 helmet (worn)
   (You took it off Robin on level 2 of the Dungeon)
 x - a +0 pair of gloves (worn)
   (You found it on level 7 of the Dungeon)
 G - a +0 pair of boots (worn)
   (You found it on level 5 of the Lair of Beasts)
Jewellery
 e - an amulet of magic regeneration (around neck)
   (You took it off an orc on level 7 of the Dungeon)
 g - a ring of protection from cold (left hand) {rC+}
   (You found it on level 5 of the Dungeon)
 A - an uncursed ring of ice {rC+ rF-}
   (You found it on level 9 of the Dungeon)
 D - a +2 ring of evasion (right hand)
   (You found it on level 9 of the Dungeon)
Wands
 l - a wand of polymorph (13)
   (You took it off Robin on level 2 of the Dungeon)
 s - a wand of random effects (18)
   (You found it on level 3 of the Lair of Beasts)
 u - a wand of enslavement (29)
   (You found it on level 6 of the Dungeon)
Scrolls
 d - 8 scrolls of amnesia
 f - 4 scrolls of fog
 i - 6 scrolls of remove curse
 j - 2 scrolls of noise
 m - a scroll of torment
 p - a scroll of brand weapon
 q - 3 scrolls of blinking
 r - 8 scrolls of identify
 t - 10 scrolls of teleportation {!r}
 v - 4 scrolls of enchant armour
 w - a scroll of fear
 y - 4 scrolls of magic mapping
 z - a scroll of silence
 B - a scroll of holy word
 F - a scroll of summoning
Books
 c - the Catalogue of the Spider

   Spells                             Type                      Level
   a - Throw Frost                    Conjuration/Ice              2
   b - Ensorcelled Hibernation        Hexes/Ice                    2
 o - a book of Maledictions
   (You found it on level 5 of the Dungeon)
 C - a book of Necromancy
   (You found it on level 9 of the Dungeon)
 E - Fomotz's Collected Works on Darkness and Feathers
   (You found it on level 10 of the Dungeon)

   Spells                             Type                      Level
   a - Shock                          Conjuration/Air              1
   b - Vampiric Draining              Necromancy                   3
   c - Freezing Cloud                 Conjuration/Ice/Air          6
   d - Tornado                        Air                          9


You were on level 5 of the Lair of Beasts.
You worshipped Gozag.
Gozag was most pleased with you.
You were not hungry.

You visited 3 branches of the dungeon, and saw 18 of its levels.
You also visited: Ossuary.

You collected 4500 gold pieces.
You spent 181 gold pieces at shops.
You paid 2114 gold pieces to Gozag.

Dungeon Overview and Level Annotations

Branches:
Dungeon (12/15)            Temple (0/1) D:7            Lair (5/6) D:8
 Shoals (0/4) Lair:4          Orc (1/2) D:12
  Snake: Lair:2-4    Spider: Lair:2-4     Slime: Lair:5-6

Altars:
Ashenzari
Dithmenos
Fedhas
Gozag
Okawaru
Qazlal
Sif Muna
Trog
Uskayaw
Vehumet

Shops:
D:4 ?

Annotations:
Lair:2 Sonja
Lair:4 Snorg

.#...P#..
..!...........
##..... .
...........).
..
............
...
...........
....
..........
....[
.........
......#....#
.......@#
...#.##..#
...# .....
.....P#
.#...k##
..##...# ..
##...


You could see a rime drake.

Notes
Turn   | Place    | Note
-------+----------+-------------------------------------------
     0 | D:1      | theanonym the Mummy Wanderer began the quest for the Orb.
     0 | D:1      | theanonym set off with: a +2 dagger, a scroll of blinking, the Catalogue of the Spider, a +0 robe {0}, a scroll of teleportation {!r}
     0 | D:1      | Reached XP level 1. HP: 15/15 MP: 5/5
   107 | D:1      | HP: 8/16 [jackal (2)]
   109 | D:1      | Reached skill level 2 in Fighting
   114 | D:1      | HP: 5/16 [jackal (1)]
   116 | D:1      | Reached XP level 2. HP: 7/22 MP: 7/7
   121 | D:1      | HP: 7/22 [frilled lizard (1)]
   819 | D:1      | Reached skill level 3 in Fighting
   834 | D:1      | Reached XP level 3. HP: 25/29 MP: 8/8
  1541 | D:2      | Reached skill level 4 in Fighting
  1541 | D:2      | Reached XP level 4. HP: 27/37 MP: 10/10
  1690 | D:2      | Noticed Robin
  1708 | D:2      | HP: 18/37 [Robin/goblin (1)]
  1717 | D:2      | HP: 17/37 [goblin/club (2)]
  1723 | D:2      | HP: 10/37 [goblin/club[Robin] (7)]
  1734 | D:1      | HP: 9/37 [kobold/short sword (2)]
  2267 | D:2      | HP: 18/38 [goblin/hunting sling (2)]
  2273 | D:2      | HP: 12/38 [goblin/hunting sling (4)]
  2276 | D:2      | Killed Robin
  2500 | D:2      | Found a radiant altar of Vehumet.
  2500 | D:2      | Found a bloodstained altar of Trog.
  2502 | D:2      | Found a hide-covered altar of Uskayaw.
  2657 | D:2      | Noticed Terence
  2676 | D:2      | Noticed Terence
  2676 | D:2      | Terence changed into Terence the hound
  2681 | D:2      | HP: 19/38 [Terence the hound (2)]
  2689 | D:2      | Killed Terence the hound
  2689 | D:2      | Reached skill level 5 in Fighting
  2689 | D:2      | Reached XP level 5. HP: 20/44 MP: 11/11
  2868 | D:2      | Found a faded altar of an unknown god.
  3099 | D:2      | Found a stormy altar of Qazlal.
  3099 | D:2      | Found a blossoming altar of Fedhas.
  3332 | D:3      | Noticed Natasha
  3525 | D:3      | Found an opulent altar of Gozag.
  3571 | D:3      | Became a worshipper of Gozag Ym Sagoz the Greedy
  3600 | D:3      | Found a deep blue altar of Sif Muna.
  3600 | D:3      | Found a shattered altar of Ashenzari.
  3628 | D:3      | Noticed inmateoo's ghost (amateur FeEn)
  3654 | D:3      | HP: 22/46 [adder (4)]
  3661 | D:3      | Killed inmateoo's ghost
  3661 | D:3      | Reached skill level 6 in Fighting
  3661 | D:3      | Reached skill level 1 in Axes
  3661 | D:3      | Reached XP level 6. HP: 25/52 MP: 12/12
  3661 | D:3      | Reached skill level 2 in Axes
  3916 | D:3      | Killed Natasha
  4302 | D:3      | Noticed Natasha
  4310 | D:3      | Killed Natasha
  4493 | D:3      | Noticed Natasha
  4513 | D:3      | Killed Natasha
  4981 | D:4      | Found Simidda's Magic Scroll Shop.
  4984 | D:4      | Bought a scroll of magic mapping for 45 gold pieces
  4984 | D:4      | Bought a scroll of fear for 45 gold pieces
  4984 | D:4      | Bought a scroll of teleportation for 39 gold pieces
  4984 | D:4      | Bought a scroll of identify for 26 gold pieces
  4984 | D:4      | Bought a scroll of identify for 26 gold pieces
  5004 | D:4      | Noticed a hippogriff
  5010 | D:4      | Killed a hippogriff
  5010 | D:4      | Reached skill level 3 in Axes
  5010 | D:4      | Reached XP level 7. HP: 44/59 MP: 13/13
  5047 | D:4      | HP: 24/59 [orc/short sword of electrocution (19)]
  5057 | D:4      | HP: 26/59 [orc/whip (1)]
  5066 | D:4      | HP: 22/59 [orc wizard/dagger (1)]
  5072 | D:4      | HP: 19/59 [orc wizard/magic dart (2)]
  5078 | D:4      | HP: 15/59 [orc/short sword (5)]
  5085 | D:4      | HP: 15/59 [orc/club (2)]
  5626 | D:4      | Reached skill level 4 in Axes
  5733 | D:5      | Entered Level 5 of the Dungeon
  5792 | D:5      | HP: 18/59 [orc priest/divine providence (17)]
  5939 | D:5      | Noticed HungrySpirit's ghost (novice VSAM)
  6265 | D:5      | Reached skill level 7 in Fighting
  6294 | D:5      | Killed HungrySpirit's ghost
  6294 | D:5      | Reached skill level 5 in Axes
  6294 | D:5      | Reached XP level 8. HP: 58/67 MP: 14/14
  6734 | D:5      | Reached skill level 8 in Fighting
  6985 | D:5      | Reached skill level 2 in Short Blades
  7437 | D:6      | Reached skill level 3 in Short Blades
  7444 | D:6      | Found a sand-covered staircase.
  7450 | Ossuary  | Entered an ossuary
  7708 | Ossuary  | Reached XP level 9. HP: 65/75 MP: 15/15
  7797 | Ossuary  | Reached skill level 4 in Short Blades
  8046 | Ossuary  | HP: 37/75 [scorpion (5)]
  8584 | D:6      | Reached skill level 9 in Fighting
  8610 | D:6      | Identified the Catalogue of the Spider
  8706 | D:6      | Found a shadowy altar of Dithmenos.
  8734 | D:6      | Reached skill level 5 in Short Blades
  8797 | D:6      | Found an iron altar of Okawaru.
  9085 | D:6      | HP: 35/76 [orc warrior/tomahawk (10)]
  9089 | D:6      | HP: 15/76 [orc warrior/hand axe (16)]
  9096 | D:6      | HP: 37/76 [phantom (4)]
  9341 | D:6      | HP: 36/76 [something (5)]
  9367 | D:5      | HP: 28/76 [something (2)]
  9616 | D:6      | Reached skill level 6 in Short Blades
 10126 | D:7      | Reached XP level 10. HP: 81/85 MP: 16/16
 10139 | D:7      | Found a staircase to the Ecumenical Temple.
 10332 | D:7      | Reached skill level 7 in Short Blades
 10528 | D:7      | Identified the +5 war axe of Extremism {vamp, Dex+2 SInv Stlth-} (You took it off a crimson imp on level 7 of the Dungeon)
 10745 | D:8      | Noticed p0werm0de's ghost (novice DDFi)
 10764 | D:8      | Killed p0werm0de's ghost
 10764 | D:8      | Reached skill level 10 in Fighting
 10902 | D:8      | Found a staircase to the Lair.
 10942 | D:8      | Found a runed door.
 11035 | D:8      | HP: 42/86 [wyvern (3)]
 11132 | D:8      | Found a runed door.
 11892 | D:8      | Noticed a two-headed ogre
 12032 | D:8      | Reached skill level 11 in Fighting
 12050 | D:8      | Reached skill level 6 in Axes
 12127 | D:8      | HP: 41/87 [troll (9)]
 12132 | D:8      | HP: 21/87 [troll (6)]
 12148 | D:8      | HP: 26/87 [bullfrog (4)]
 12162 | D:8      | HP: 33/87 [hungry ghost (3)]
 12168 | D:8      | HP: 30/88 [crimson imp (2)]
 12713 | D:9      | Reached skill level 7 in Axes
 13055 | D:9      | Reached XP level 11. HP: 89/93 MP: 17/17
 13323 | D:8      | Found a staircase to the Lair.
 13774 | D:8      | Killed a two-headed ogre
 13870 | D:10     | Entered Level 10 of the Dungeon
 13902 | D:10     | Noticed a two-headed ogre
 13903 | D:10     | Reached skill level 8 in Axes
 13908 | D:10     | HP: 40/95 [two-headed ogre/giant club (23)]
 13909 | D:10     | Killed a two-headed ogre
 14188 | D:10     | Identified Fomotz's Collected Works on Darkness and Feathers
 14668 | D:10     | Reached skill level 12 in Fighting
 14864 | D:11     | Noticed a two-headed ogre
 14872 | D:11     | Killed a two-headed ogre
 15052 | D:11     | Reached skill level 9 in Axes
 15842 | D:12     | Noticed a purple ugly thing
 15864 | D:11     | HP: 45/95 [purple ugly thing (14)]
 15868 | D:11     | Killed a purple ugly thing
 16303 | D:12     | Noticed a two-headed ogre
 16312 | D:12     | HP: 40/96 [two-headed ogre/giant club (9)]
 16313 | D:12     | HP: 10/96 [two-headed ogre/giant club (20)]
 16317 | D:12     | Killed a two-headed ogre
 16627 | D:12     | Noticed a six-headed hydra
 16645 | D:12     | Noticed a four-headed hydra
 17258 | D:12     | Reached skill level 10 in Axes
 17283 | D:12     | HP: 41/96 [gargoyle/stone arrow (9)]
 17715 | D:11     | HP: 35/96 [slime creature (16)]
 17933 | D:12     | Noticed a satyr
 17933 | D:12     | a four-headed hydra changed into a satyr
 17943 | D:12     | Killed a satyr
 17943 | D:12     | Reached XP level 12. HP: 103/103 MP: 18/18
 17987 | D:12     | HP: 49/103 [orc warrior/halberd (17)]
 18441 | D:12     | Found a staircase to the Orcish Mines.
 18867 | Orc:1    | Entered Level 1 of the Orcish Mines
 18907 | Orc:1    | Noticed an orc high priest
 18916 | Orc:1    | HP: 45/103 [sixfirhy[an orc sorcerer] (10)]
 18974 | D:12     | HP: 44/103 [slime creature (15)]
 19287 | Lair:1   | Entered Level 1 of the Lair of Beasts
 19340 | Lair:1   | Reached skill level 13 in Fighting
 19811 | Lair:1   | HP: 35/105 [komodo dragon (26)]
 19813 | Lair:1   | HP: 12/105 [komodo dragon (8)]
 20570 | Lair:2   | Noticed Sonja
 20576 | Lair:2   | Noticed Sonja
 20576 | Lair:2   | Sonja changed into Sonja the cyclops
 20578 | Lair:2   | Noticed Sonja
 20578 | Lair:2   | Sonja the cyclops changed into Sonja the water nymph
 20589 | Lair:2   | HP: 29/105 [Sonja the water nymph/the raging water (26)]
 20629 | Lair:2   | Reached skill level 1 in Armour
 20809 | Lair:2   | Reached skill level 11 in Axes
 21038 | Lair:3   | Reached skill level 2 in Armour
 21381 | Lair:3   | Reached skill level 3 in Armour
 22314 | Lair:4   | Noticed Nergalle
 22330 | Lair:4   | Killed Nergalle
 22330 | Lair:4   | Gained mutation: You are in touch with the powers of death. [Mummy growth]
 22330 | Lair:4   | Reached XP level 13. HP: 80/111 MP: 19/19
 22344 | Lair:4   | Reached skill level 12 in Axes
 22452 | Lair:4   | HP: 50/112 [six-headed hydra (10)]
 22457 | Lair:4   | HP: 29/112 [six-headed hydra (5)]
 22811 | Lair:4   | Reached skill level 4 in Armour
 23231 | Lair:4   | Noticed Snorg
 23431 | Lair:4   | Noticed Kirke
 23445 | Lair:4   | Killed Kirke
 23746 | Lair:4   | Found a staircase to the Shoals.
 23758 | Lair:4   | HP: 39/112 [snapping turtle (21)]
 24032 | Lair:5   | Identified the cursed +1 mace of Oseptuac {venom, MR+ Int+2} (You found it on level 5 of the Lair of Beasts)
 24059 | Lair:5   | Identified a scroll of acquirement
 24061 | Lair:5   | Got a bloodstained rapier
 24062 | Lair:5   | Identified the +6 rapier "Awumet" {protect, Dex+4} (You acquired it on level 5 of the Lair of Beasts)
 24093 | Lair:5   | HP: 49/112 [blink frog (12)]
 24296 | Lair:5   | HP: 50/112 [spiny frog (11)]
 24298 | Lair:5   | Reached skill level 14 in Fighting
 24301 | Lair:5   | HP: 41/113 [black mamba (10)]
 24304 | Lair:5   | HP: 11/113 [black mamba (13)]
 24307 | Lair:5   | Killed from afar by a rime drake

Vanquished Creatures
  Kirke (Lair:4)
  A hydra (Lair:4)
  4 two-headed ogres
  A satyr (D:12)
  Nergalle (Lair:4)
  The ghost of p0werm0de the Cleaver, a novice DDFi of Makhleb (D:8)
  A swamp dragon (Lair:2)
  4 elephants (Lair:3)
  An ugly thing (D:11)
  A black mamba (Lair:1)
  2 gargoyles (D:12)
  2 spiny frogs
  A rime drake (Lair:4)
  5 komodo dragons
  The ghost of HungrySpirit the Slasher, a novice VSAM (D:5)
  2 trolls
  6 slime creatures
  15 blink frogs
  A snapping turtle (Lair:4)
  3 hippogriffs
  A wraith (D:12)
  A shadow (D:11)
  3 wyverns
  8 hogs
  A human (D:9)
  23 yaks
  The ghost of inmateoo the Vexing, an amateur FeEn of Hepliaklqana (D:3)
  A steam dragon (D:8)
  3 hungry ghosts
  An acid dragon (D:12)
  4 water moccasins
  3 porcupines
  A swamp drake (D:12)
  3 ice beasts
  6 phantoms
  6 sky beasts
  3 necrophages
  7 orc warriors
  7 ogres
  13 wolves
  3 centaurs
  4 crocodiles
  A big kobold (D:10)
  An elf zombie (D:6)
  16 bullfrogs
  An elf skeleton (D:6)
  14 scorpions
  A water moccasin skeleton (D:6)
  7 wights
  9 howler monkeys
  3 centaur zombies
  9 crimson imps
  A quasit (D:6)
  2 bullfrog zombies
  A bullfrog skeleton (D:9)
  3 human zombies (Ossuary)
  7 hounds
  6 orc priests
  9 orc wizards
  2 centaur skeletons
  2 human skeletons (D:6)
  7 iguanas
  Natasha (thrice) (D:3)
  12 worker ants
  5 big kobold zombies (Ossuary)
  3 mummies (Ossuary)
  A worker ant zombie (D:9)
  Robin (D:2)
  12 adders
  A scorpion zombie (Ossuary)
  16 gnolls
  3 shadow imps
  3 oozes
  An adder zombie (D:5)
  An adder skeleton (D:8)
  2 worms
  3 dart slugs
  6 leopard geckos
  51 orcs
  8 giant cockroaches
  2 gnoll zombies (Ossuary)
  26 goblins
  12 hobgoblins
  18 jackals
  6 quokkas
  4 ball pythons
  A ball python skeleton (D:4)
  2 bats (D:3)
  5 frilled lizards
  A goblin zombie (Ossuary)
  2 hobgoblin zombies (Ossuary)
  2 jackal zombies
  9 kobolds
  A kobold zombie (Ossuary)
  A leopard gecko skeleton (D:4)
  2 orc skeletons (D:6)
  A quokka skeleton (D:8)
  8 rats
  A fungus (Lair:3)
  2 plants (Lair:4)
497 creatures vanquished.

Vanquished Creatures (collateral kills)
  An elephant (Lair:3)
  A hound (D:8)
  An orc priest (D:12)
  An orc wizard (D:12)
  A worker ant (D:8)
  5 orcs
10 creatures vanquished.

Vanquished Creatures (others)
  An orc warrior (D:12)
  A hungry ghost (D:7)
  An ogre (Orc:1)
  6 fungi
9 creatures vanquished.

Grand Total: 516 creatures vanquished

Table legend:
 A = Turns spent in this place as a percentage of turns spent in the entire game.
 B = Non-inter-level travel turns spent in this place as a percentage of non-inter-level travel turns spent in the entire game.
 C = Inter-level travel turns spent in this place as a percentage of turns spent in this place.
 D = Turns resting spent in this place as a percentage of non-inter-level travel turns spent in this place.
 E = Turns spent auto-exploring this place as a percentage of non-inter-level travel turns spent in this place.
 F = Non-inter-level travel turns spent in this place divided by the number of levels of this place that you've seen.
                   A       B       C       D       E      F
               +-------+-------+-------+-------+-------+----------------------
         Total | 100.0 | 100.0 |   4.8 |  39.2 |  41.6 | 1217.9
       Dungeon |  75.5 |  74.6 |   5.9 |  37.0 |  43.8 | 1439.5
          Lair |  20.7 |  21.3 |   1.8 |  43.7 |  38.9 | 986.4
  Orcish Mines |   0.2 |   0.2 |   0.0 |  21.6 |  39.2 |  51.0
       Ossuary |   3.6 |   3.8 |   0.0 |  56.1 |  13.7 | 884.0
               +-------+-------+-------+-------+-------+----------------------
